 Dungeon Crawl Stone Soup version 0.18.1-8-gdd0e5ea (webtiles) character file.

97 deorigin the Twirler (level 4, -1/33 HPs)
             Began as a Demonspawn Gladiator on May 22, 2016.
             Slain by an orc (4 damage)
             ... on level 3 of the Dungeon.
             The game lasted 00:04:09 (2212 turns).

deorigin the Twirler (Demonspawn Gladiator)         Turns: 2212, Time: 00:04:10

Health: -1/33      AC:  6    Str: 15    XL:     4   Next: 42%
Magic:  4/4        EV: 11    Int:  9    God:
Gold:   111        SH:  0    Dex: 15    Spells: 0 memorised, 3 levels left

rFire  . . .     SeeInvis .     a - +0 quarterstaff
rCold  . . .     Gourm    .     j - +0 ring mail
rNeg   . . .     Faith    .     (shield currently unavailable)
rPois  .         Spirit   .     c - +0 helmet
rElec  .         Dismiss  .     (no cloak)
rCorr  .         Reflect  .     (no gloves)
SustAt .         Harm     .     (no boots)
MR     .....                    (no amulet)
Stlth  ++........               (no ring)
                                (no ring)

@: not resistant to hostile enchantments, unstealthy
A: nightstalker 1
a: no special abilities


You were on level 3 of the Dungeon.
You were very hungry.

You visited 1 branch of the dungeon, and saw 3 of its levels.

You collected 111 gold pieces.

Inventory:

Hand Weapons
 a - a +0 quarterstaff (weapon)
Missiles
 d - 3 throwing nets (quivered)
Armour
 b - a +0 leather armour
 c - a +0 helmet (worn)
 j - a +0 ring mail (worn)
Scrolls
 h - 3 scrolls of identify {unknown}
 m - a scroll of amnesia {unknown}
 n - a scroll of fog {unknown}
 r - a scroll of immolation {unknown}
 s - a scroll of remove curse {unknown}
Potions
 e - a potion of degeneration {unknown}
 g - a potion of agility {unknown}
 i - 2 potions of curing {unknown}
 o - a potion of flight {unknown}
 p - a potion of mutation {unknown}
Comestibles
 f - 2 bread rations
 k - 2 meat rations
 l - a beef jerky
 q - a slice of pizza


   Skills:
 - Level 2.0 Fighting
 + Level 4.8 Staves
 - Level 1.7 Throwing
 - Level 2.6 Dodging


You had 3 spell levels left.
You didn't know any spells.

Dungeon Overview and Level Annotations

Branches:
Dungeon (3/15)

Altars:


Innate Abilities, Weirdness & Mutations

You are slightly more attuned to the shadows.


Message History

The orc priest hits you.
You hit the orc priest.
The orc priest is almost dead.
The orc priest hits you.
The orc priest hits you but does no damage.
You barely miss the orc priest.
The orc priest is almost dead.
The orc priest hits you but does no damage.
You closely miss the orc priest.
The orc priest is almost dead.
The orc priest invokes the aid of Beogh against you.
Beogh smites you!
Ouch! That really hurt!
* * * LOW HITPOINT WARNING * * *
You hit the orc priest.
You kill the orc priest!
You hit the orc.
The orc is lightly wounded.
The orc hits you.
You die...

#........... ## #...........
... #...........
....###.o.o.......
.................
#######.#........... #.# #
#... .. #...........
####.##.###.#######...........
......#.#.......@og...........
..##........######o...........
#.<#..#.#.#......#.....#......
...#..#...#......#.....#....
......#.###......#.#.#.# ..
#.###.#. +......#.....# #.#
#.#####......#.....#
#.###............#.# #.#
#..........#######


You could see 2 orcs and a goblin.

Vanquished Creatures
  An orc priest (D:3)
  An adder (D:2)
  An ooze (D:2)
  A worm (D:2)
  A giant gecko (D:2)
  2 orcs (D:3)
  7 bats
  4 giant cockroaches
  6 goblins
  9 hobgoblins
  6 kobolds
  2 quokkas (D:2)
  A ball python (D:2)
  3 giant newts
  A rat (D:1)
46 creatures vanquished.

Vanquished Creatures (others)
  A hobgoblin (D:2)
1 creature vanquished.

Grand Total: 47 creatures vanquished

Notes
Turn   | Place    | Note
--------------------------------------------------------------
     0 | D:1      | deorigin the Demonspawn Gladiator began the quest for the Orb.
     0 | D:1      | Reached XP level 1. HP: 16/16 MP: 1/1
    63 | D:1      | Reached skill level 3 in Staves
    90 | D:1      | Gained mutation: You are slightly more attuned to the shadows. [demonic ancestry]
    90 | D:1      | Reached XP level 2. HP: 5/22 MP: 2/2
  1151 | D:2      | Reached XP level 3. HP: 20/27 MP: 3/3
  1435 | D:2      | Reached skill level 4 in Staves
  2202 | D:3      | Reached XP level 4. HP: 30/33 MP: 4/4
  2212 | D:3      | Slain by an orc

Skill      XL: |  1  2  3 |
---------------+----------+-----
Staves         | 3 4 |  4.8
Fighting       | |  2.0
Throwing       | |  1.7
Dodging        | |  2.6

Action                   |  1- 3 |  4- 6 || total
-------------------------+-------+-------++-------
Melee: Quarterstaff      |   147 |    10 ||   157
 Stab: Sleeping          |     2 |       ||     2
       Distracted        |     1 |       ||     1
  Eat: Chunk             |     3 |       ||     3
Armor: Leather armour    |    14 |       ||    14
       Ring mail         |    43 |     4 ||    47
Dodge: Dodged            |   116 |     1 ||   117
